 Dungeon Crawl Stone Soup version 0.24-a0-581-gc0fa660 (webtiles) character file.

Game seed: 12532176779860797178

903 KarmaPolice the Skirmisher (level 7, -2/84 HPs)
             Began as a Demonspawn Berserker on Aug 25, 2019.
             Was a Priest of Trog.
             Slain by an orc warrior
             ... wielding a +1 vampiric trident
              (5 damage)
             ... on level 6 of the Dungeon.
             The game lasted 00:16:36 (5948 turns).

KarmaPolice the Skirmisher (Demonspawn Berserker)   Turns: 5948, Time: 00:16:37

Health: -2/84      AC: 11    Str: 25    XL:     7   Next: 80%
Magic:  9/9        EV:  9    Int:  8    God:    Trog [***...]
Gold:   278        SH:  0    Dex: 12    Spells: 6/6 levels left

rFire    . . .     SeeInvis .   y - +1 war axe (freeze)
rCold    . . .     Gourm    .   (no shield)
rNeg     . . .     Faith    .   B - +0 plate armour
rPois    .         Spirit   .   (helmet restricted)
rElec    .         Reflect  .   (no cloak)
rCorr    .         Harm     .   (no gloves)
MR       ++...                  (no boots)
Stlth    ..........             (no amulet)
HPRegen  1.24/turn              (no ring)
MPRegen  0.11/turn              (no ring)

@: berserking (expiring), regenerating, very quick
A: antennae 2, repulsion field 1, rot immunity
a: Berserk, Trog's Hand, Renounce Religion


You were on level 6 of the Dungeon.
You worshipped Trog.
Trog was most pleased with you.
You were very hungry.

You visited 1 branch of the dungeon, and saw 6 of its levels.

You collected 278 gold pieces.

Inventory:

Hand Weapons
 y - a +1 war axe of freezing (weapon)
Missiles
 a - 6 poisoned darts
 k - 59 stones (quivered)
Armour
 B - a +0 plate armour (worn)
Jewellery
 g - an uncursed amulet of harm {unknown}
 A - an uncursed ring of protection from magic {unknown}
Wands
 w - a wand of flame (15)
 C - a wand of disintegration (17)
 E - a wand of random effects (11)
Scrolls
 d - 2 scrolls of enchant armour {unknown}
 e - 3 scrolls of identify {unknown}
 l - 3 scrolls of magic mapping {unknown}
 m - a scroll of amnesia {unknown}
 p - 3 scrolls of immolation {unknown}
 q - 2 scrolls of remove curse {unknown}
 s - a scroll of random uselessness {unknown}
 t - a scroll of teleportation {unknown}
 u - a scroll of noise {unknown}
Potions
 f - a potion of resistance {unknown}
 h - 3 potions of degeneration {unknown}
 i - 2 potions of agility
 j - 3 potions of curing
 n - 2 potions of heal wounds {unknown}
 o - a potion of haste {unknown}
 r - 5 potions of mutation {unknown}
 v - 2 potions of flight {unknown}
 x - a potion of lignification {unknown}
 z - a potion of magic {unknown}
Comestibles
 c - 14 rations
 D - 6 chunks of flesh


   Skills:
 + Level 5.3 Fighting
 + Level 4.9 Axes
 - Level 2.6 Throwing
 + Level 3.2 Armour
 - Level 1.7 Dodging
 - Level 2.6 Stealth
 + Level 3.0 Evocations


You had 6 spell levels left.
You didn't know any spells.
Your spell library was empty.

Dungeon Overview and Level Annotations

Branches:
Dungeon (6/15)             Temple (0/1) D:4

Altars:
Cheibriados
Dithmenos
Elyvilon
Fedhas
Hepliaklqana
Trog


Innate Abilities, Weirdness & Mutations

You have a pair of antennae on your head.
You are surrounded by a mild repulsion field. (EV +2)
You are immune to rotting.


Message History

* * * LOW HITPOINT WARNING * * *
The orc warrior barely misses you.
You slash the orc priest! You freeze the orc priest.
You kill the orc priest!
Trog accepts your kill.
Your Evocations skill increases to level 3!
You miss the quokka. The quokka barely misses you.
The orc warrior hits you from afar with a +1 vampiric trident.
* * * LOW HITPOINT WARNING * * *
The quokka barely misses you.
You are too berserk!
You closely miss the quokka. You hit the quokka. You freeze the quokka.
The quokka is almost dead.
The orc wizard gestures at you while chanting.
The magic dart hits you but does no damage.
The quokka bites you.
* * * LOW HITPOINT WARNING * * *
The orc warrior hits you from afar with a +1 vampiric trident.
You die...

#....._......#
#.#.......#..#
#.#.......#..#
#.##(....##..#
#.####.####..
#.......s...
##..#.##oo. #.#o
#)# #...###@#
#....#r## ... ####
#.^..#o.# ....
...#
####....##.#.....
...#
#.................
...#
#.###...r.........
...# #.#
#.............
...#
#.###.............
...#
#.#.#............#


You could see an orc warrior, an orc wizard, an orc, a quokka and a giant
cockroach.

Vanquished Creatures
  4 ogres
  2 bullfrogs (D:6)
  A quasit (D:6)
  3 hounds
  An orc priest (D:6)
  An orc wizard (D:5)
  A centaur skeleton (D:5)
  2 iguanas
  A worker ant (D:2)
  7 adders
  An ooze (D:3)
  An adder zombie (D:5)
  2 adder skeletons
  A worm (D:4)
  4 dart slugs
  2 leopard geckos
  9 orcs
  2 ball pythons
  3 giant cockroaches
  4 goblins
  7 hobgoblins
  3 jackals (D:6)
  6 bats
  2 giant cockroach zombies (D:5)
  9 kobolds
  4 leopard gecko skeletons
  5 rats
88 creatures vanquished.

Notes
Turn   | Place    | Note
-------+----------+-------------------------------------------
     0 | D:1      | KarmaPolice the Demonspawn Berserker began the quest for
                  | the Orb.
     0 | D:1      | Reached XP level 1. HP: 18/18 MP: 1/1
    92 | D:1      | Gained mutation: You are surrounded by a mild repulsion
                  | field. (EV +2) [demonic ancestry]
    92 | D:1      | Reached XP level 2. HP: 18/24 MP: 2/2
   618 | D:1      | Reached skill level 1 in Stealth
   862 | D:2      | Reached XP level 3. HP: 29/29 MP: 3/3
  1432 | D:2      | Reached ** piety under Trog
  1452 | D:2      | Gained mutation: You are immune to rotting. [demonic
                  | ancestry]
  1452 | D:2      | Reached XP level 4. HP: 23/35 MP: 4/4
  1771 | D:3      | Reached skill level 1 in Throwing
  3271 | D:4      | Gained mutation: You have a pair of small antennae on your
                  | head. [demonic ancestry]
  3271 | D:4      | Reached XP level 5. HP: 36/42 MP: 5/5
  3422 | D:4      | Noticed an ogre
  3465 | D:4      | Found a staircase to the Ecumenical Temple.
  3680 | D:4      | Found a blossoming altar of Fedhas.
  3699 | D:5      | Entered Level 5 of the Dungeon
  3796 | D:5      | Found a hazy altar of Hepliaklqana.
  3796 | D:5      | Found a snail-covered altar of Cheibriados.
  3870 | D:5      | Noticed an ogre
  3891 | D:5      | Noticed an ogre
  3983 | D:5      | Killed an ogre
  3983 | D:5      | Reached skill level 4 in Fighting
  4068 | D:5      | Found a shadowy altar of Dithmenos.
  4111 | D:5      | Reached XP level 6. HP: 41/48 MP: 6/6
  4338 | D:5      | Reached skill level 1 in Evocations
  4461 | D:5      | Reached *** piety under Trog
  4708 | D:5      | Found a bloodstained altar of Trog.
  5161 | D:6      | Found a white marble altar of Elyvilon.
  5291 | D:4      | Gained mutation: You have a pair of antennae on your head.
                  | [demonic ancestry]
  5291 | D:4      | Reached XP level 7. HP: 27/55 MP: 8/8
  5703 | D:6      | Reached skill level 5 in Fighting
  5945 | D:6      | HP: 4/84 [orc priest/divine providence (11)]
  5948 | D:6      | Slain by an orc warrior

Levels and vault maps discovered:
D:1:      roderic_crop_circles_arrival_small, layout_loops_cross,
          grunt_decor_arrowhead, chequers_serial_rivers_small_3
D:2:      layout_basic, grunt_ministairs_2
D:3:      layout_basic, serial_undead, serial_undead_b, serial_undead_e,
          serial_undead_e, serial_undead_c, first_ration, hex_large,
          kennysheep_generic_room_16
D:4:      layout_rooms, fedhas_altar_4, temple_fountains
D:5:      layout_basic, kennysheep_mini_moat, gammafunk_temple_overflow_wave,
          basic_altar
D:6:      layout_basic, old_standard_altar, minmay_small_thing

Skill      XL: |  1  2  3  4  5  6  7 |
---------------+----------------------+-----
Armour         | 2 3 |  3.2
Stealth        | 1 2 |  2.6
Axes           | 3 4 |  4.9
Throwing       | 1 2 |  2.6
Fighting       | 4 5 |  5.3
Evocations     | 1 3 |  3.0
Dodging        | |  1.7

Action                   |  1- 3 |  4- 6 |  7- 9 || total
-------------------------+-------+-------+-------++-------
Melee: Hand axe          |    91 |   162 |       ||   253
       War axe           |       |    33 |    47 ||    80
Throw: Stone             |     1 |    34 |     7 ||    42
Invok: Berserk           |     1 |     2 |     1 ||     4
       Trog's Hand       |       |     1 |     1 ||     2
  Use: Potion            |       |     2 |       ||     2
 Stab: Sleeping          |     5 |     4 |       ||     9
  Eat: Chunk             |     1 |    12 |     3 ||    16
       Ration            |       |     1 |       ||     1
Armor: Animal skin       |    13 |    16 |       ||    29
       Plate armour      |       |       |    54 ||    54
Dodge: Dodged            |    70 |   132 |    32 ||   234

Table legend:
 A = Non-vault XP
 B = Vault XP
 C = Vault XP percentage of total XP
 D = Non-vault monster count
 E = Vault monster count
 F = Vault count percentage of total count
                 A         B        C        D         E       F
            +---------+---------+-------+---------+---------+-------
      Total |    1215 |      75 |   5.8 |      78 |      10 |  11.4
            +---------+---------+-------+---------+---------+-------
        D:1 |      28 |       0 |   0.0 |      14 |       0 |   0.0
        D:2 |      66 |      14 |  17.5 |      13 |       2 |  13.3
        D:3 |      59 |      12 |  16.9 |      14 |       6 |  30.0
        D:4 |     242 |       0 |   0.0 |       9 |       0 |   0.0
        D:5 |     386 |       0 |   0.0 |      18 |       0 |   0.0
        D:6 |     434 |      49 |  10.1 |      10 |       2 |  16.7
            +---------+---------+-------+---------+---------+-------
